 Dungeon Crawl Stone Soup version 0.21-a0-348-ga060c75 (webtiles) character file.

931 Xonor the Fighter (level 8, 0/79 HPs)
             Began as an Ogre Chaos Knight on Oct 6, 2017.
             Slain by a goblin
             ... wielding a +0 spear
              (3 damage)
             ... on level 7 of the Dungeon.
             The game lasted 00:13:32 (6215 turns).

Xonor the Fighter (Ogre Chaos Knight)               Turns: 6215, Time: 00:13:33

Health: 0/79       AC:  5    Str: 19    XL:     8   Next: 11%
Magic:  8/8        EV: 10    Int: 16    God:    Xom [...*..]
Gold:   181        SH:  0    Dex:  8    Spells: 7/7 levels left

rFire    . . .     SeeInvis .   r - +0 giant club
rCold    . . .     Gourm    .   (shield currently unavailable)
rNeg     . . .     Faith    .   b - +2 robe
rPois    .         Spirit   .   p - +0 hat {Int+3}
rElec    .         Reflect  .   (no cloak)
rCorr    .         Harm     .   (gloves unavailable)
MR       .....                  (boots unavailable)
Stlth    +.........             (no amulet)
HPRegen  0.23/turn              (no ring)
MPRegen  0.11/turn              (no ring)

@: no status effects
A: unfitting armour, frail 1, tough skin 1
a: Renounce Religion


You were on level 7 of the Dungeon.
You worshipped Xom.
You were a favourite toy of Xom.
You were not hungry.

You visited 1 branch of the dungeon, and saw 7 of its levels.

You collected 181 gold pieces.

Inventory:

Hand Weapons
 a - a +0 mace of chaos
 l - a +0 whip
 o - a +0 flail
 q - a +4 dagger
 r - a +0 giant club (weapon)
Missiles
 h - 166 stones (quivered)
Armour
 b - a +2 robe (worn)
 p - a +0 hat of intelligence (worn)
 t - a +0 large shield
Scrolls
 g - a scroll of enchant weapon {unknown}
 i - a scroll of identify {unknown}
 j - 3 scrolls of enchant armour {unknown}
 m - 5 scrolls of remove curse {unknown}
 n - a scroll of noise {unknown}
Potions
 f - a potion of degeneration
Books
 u - a Young Poisoner's Handbook

   Spells                             Type                      Level
   a - Sting                          Conjuration/Poison           1
   b - Poisonous Vapours              Poison/Air                   2
   c - Mephitic Cloud                 Conjuration/Poison/Air       3
   d - Olgreb's Toxic Radiance        Poison                       4
   e - Venom Bolt                     Conjuration/Poison           5


   Skills:
 * Level 8.0 Fighting
 + Level 7.2 Maces & Flails
 - Level 2.1 Dodging


You had 7 spell levels left.
You didn't know any spells.

Dungeon Overview and Level Annotations

Branches:
Dungeon (7/15)             Temple (0/1) D:4

Altars:
Uskayaw
Xom

Annotations:
D:6 2 transporters
D:7 Yermak's ghost, novice GnWn


Innate Abilities, Weirdness & Mutations

You are too large for most types of armour.
You have tough skin. (AC +1)
You are frail. (-10% HP)


Message History

You feel forgetful for a moment.
A goblin comes into view. It is wielding a spear.
Okay, then.
Yermak's ghost hits you.
* * * LOW HITPOINT WARNING * * *
The howler monkey hoots and howls with incredible vigour!
You hear a shout!
A goblin comes into view. It is wielding a spear.
A kobold and a big kobold come into view.
The big kobold shouts!
You hear a shout!
You hear a howl!
You hear a shout!
A kobold comes into view. It is wielding a short sword.
The goblin splashes around in the water.
You feel yourself slow down. The goblin closely misses you.
Found a glowing copper ring.
A goblin comes into view. It is wielding an enchanted spear.
The goblin closely misses you.
The goblin hits you from afar with a spear.
You die...
Xom is highly amused! ≈≈≈≈≈Y≈.# ...≈#####h.## #..≈# #≈..### #..≈. #≈....# #KgK#

#≈....#
#..K#####≈K...#
#.gg≈≈≈≈≈.####
#....Y....#
#@.W.Y.Y.## ..#
#.....########
#.# #=..#### ..
#.. . #. # . .#


You could see 3 yaks, a big kobold, Yermak's ghost, 3 goblins and 2 kobolds.

Vanquished Creatures
  An ice beast (D:4)
  An ogre (D:7)
  A black bear (D:7)
  A centaur (D:7)
  A big kobold (D:7)
  A bullfrog (D:6)
  2 scorpions
  A crimson imp (D:6)
  2 bullfrog zombies
  A jelly (D:6)
  A bullfrog skeleton (D:4)
  A centaur skeleton (D:5)
  An iguana (D:4)
  An orc wizard (D:3)
  A gnoll (D:7)
  An adder (D:2)
  A shadow imp (D:6)
  4 dart slugs
  3 leopard geckos
  9 orcs
  2 giant cockroaches
  5 goblins
  5 hobgoblins
  12 jackals
  16 kobolds
  2 quokkas
  A ball python (D:3)
  5 bats
  A frilled lizard (D:1)
  A leopard gecko skeleton (D:6)
  8 rats
93 creatures vanquished.

Notes
Turn   | Place    | Note
-------+----------+-------------------------------------------
     0 | D:1      | Xonor the Ogre Chaos Knight began the quest for the Orb.
     0 | D:1      | Reached XP level 1. HP: 24/24 MP: 1/1
   149 | D:1      | Reached XP level 2. HP: 25/32 MP: 2/2
   315 | D:1      | XOM: harmless Tloc miscast
   399 | D:1      | XOM: harmless Fire miscast
   530 | D:1      | XOM: divination: detect creatures
   854 | D:1      | XOM: divination: detect items
  1028 | D:1      | XOM: divination: magic mapping
  1081 | D:2      | Reached XP level 3. HP: 39/39 MP: 3/3
  1185 | D:2      | XOM is BORED!
  1185 | D:2      | XOM: mild Air miscast
  1235 | D:2      | XOM: noise
  1965 | D:2      | XOM is BORED!
  1965 | D:2      | XOM: give mutation
  1965 | D:2      | Gained mutation: You are frail. (-10% HP) [Xom's mischief]
  2106 | D:3      | Reached XP level 4. HP: 37/43 MP: 4/4
  2120 | D:3      | XOM: scenery: create altars
  2407 | D:3      | XOM: mild Fire miscast
  2609 | D:4      | Found a staircase to the Ecumenical Temple.
  2628 | D:4      | XOM: mild Chrm miscast
  2633 | D:4      | XOM: cast spell 'Disjunction'
  2643 | D:4      | XOM: confuse monster(s)
  2647 | D:5      | Entered Level 5 of the Dungeon
  2662 | D:5      | XOM: summons 2 hostile shadow creatures
  2663 | D:5      | Noticed a phantom
  2679 | D:4      | Reached skill level 5 in Maces & Flails
  2679 | D:4      | Reached XP level 5. HP: 30/49 MP: 5/5
  2984 | D:4      | XOM: cleaving
  3008 | D:4      | XOM: 8-stop teleportation journey
  3033 | D:4      | XOM: harmless Tmut miscast
  3038 | D:4      | XOM: blink monster(s)
  3128 | D:5      | XOM: 2-stop teleportation journey
  3152 | D:5      | Reached skill level 5 in Fighting
  3174 | D:5      | XOM: smoke on damage
  3235 | D:5      | Reached XP level 6. HP: 10/59 MP: 6/6
  3345 | D:5      | XOM: 4-stop teleportation journey
  3535 | D:6      | XOM: medium Hex miscast
  3559 | D:5      | XOM: mild Fire miscast
  3565 | D:5      | XOM: harmless Fire miscast
  3568 | D:5      | Found a hide-covered altar of Uskayaw.
  3569 | D:5      | XOM: stat loss: -1 Int (11/13)
  3605 | D:5      | XOM: polymorph adder -> river rat
  3682 | D:6      | XOM: summons 2 hostile shadow creatures
  3939 | D:4      | Noticed an ice beast
  3944 | D:4      | XOM: smoke on damage
  3945 | D:4      | Killed an ice beast
  3979 | D:4      | XOM: cloud trail
  4418 | D:4      | XOM: god gift: 25 gold pieces
  4469 | D:4      | Reached skill level 6 in Fighting
  4507 | D:4      | XOM: god gift: runed hat {god gift}
  4613 | D:4      | XOM: medium Summ miscast
  4614 | D:4      | Noticed a small abomination
  4614 | D:4      | Noticed a small abomination
  4954 | D:6      | Reached XP level 7. HP: 53/67 MP: 7/7
  5466 | D:6      | XOM: 4-stop teleportation journey
  5671 | D:6      | Found a transporter.
  5689 | D:6      | Found a transporter.
  5822 | D:7      | XOM: scenery: create altars
  5839 | D:7      | Reached skill level 7 in Fighting
  5839 | D:7      | XOM: swap monsters
  5892 | D:6      | XOM: noise
  6138 | D:7      | Reached XP level 8. HP: 52/79 MP: 8/8
  6173 | D:7      | XOM: cleaving
  6175 | D:7      | HP: 2/79 [black bear (5)]
  6176 | D:7      | Reached skill level 8 in Fighting
  6197 | D:7      | Noticed a yak
  6197 | D:7      | Noticed a yak
  6197 | D:7      | Noticed a yak
  6198 | D:7      | Noticed a yak
  6201 | D:7      | Noticed a yak
  6203 | D:7      | Noticed Yermak's ghost (novice GnWn)
  6208 | D:7      | HP: 2/79 [Yermak's ghost (5)]
  6215 | D:7      | Slain by a goblin

Vault maps used:
D:1:      lemuel_arrival_funnel
D:2:      tgw_trog, first_bread, serial_park_tiny_pond,
          nicolae_ru_sacrificial_ziggurat
D:3:      old_standard_altar, chequers_ecumenical_altar_simple_redux
D:4:      temple_statues
D:5:      kennysheep_vampire_church, old_standard_altar
D:6:      gammafunk_steamed_eel, okawaru_gym_becter
D:7:      basic_altar, enter_bailey_3, uniq_prince_ribbit1, uniq_menkaure

Skill      XL: |  1  2  3  4  5  6  7  8 |
---------------+-------------------------+-----
Maces & Flails | 3 4 5 6 7 |  7.2
Fighting       | 5 6 7 8 |  8.0
Dodging        | |  2.1

Action                   |  1- 3 |  4- 6 |  7- 9 || total
-------------------------+-------+-------+-------++-------
Melee: Mace              |    54 |    15 |       ||    69
       Whip              |    76 |   129 |       ||   205
       Flail             |       |    43 |    79 ||   122
       Giant club        |       |       |    15 ||    15
Throw: Stone             |       |     6 |       ||     6
  Use: Scroll            |     1 |     4 |     4 ||     9
       Potion            |       |     5 |     3 ||     8
 Stab: Paralysed         |     1 |       |       ||     1
  Eat: Bread ration      |     1 |     1 |     1 ||     3
       Royal jelly       |       |     2 |       ||     2
       Chunk             |       |     1 |       ||     1
Armor: Robe              |    56 |    53 |    22 ||   131
       Skin              |       |       |     5 ||     5
Dodge: Dodged            |    81 |    99 |    32 ||   212
Block: Large shield      |       |     3 |    45 ||    48

Table legend:
 A = Spawn XP
 B = Non-spawn XP
 C = Spawn XP percentage of total XP
 D = Spawn monster count
 E = Non-spawn monster count
 F = Spawn count percentage of total count
 G = Total turns spent on level
                    A         B        C        D         E        F      G
               +---------+---------+-------+---------+---------+-------+---------
         Total |       0 |    1330 |   0.0 |       0 |      93 |   0.0 |  6215
               +---------+---------+-------+---------+---------+-------+---------
           D:1 |       0 |      33 |   0.0 |       0 |      21 |   0.0 |  1072
           D:2 |       0 |      39 |   0.0 |       0 |      14 |   0.0 |   921
           D:3 |       0 |      66 |   0.0 |       0 |      16 |   0.0 |   421
           D:4 |       0 |     291 |   0.0 |       0 |      10 |   0.0 |  1319
           D:5 |       0 |     111 |   0.0 |       0 |      12 |   0.0 |   432
           D:6 |       0 |     196 |   0.0 |       0 |       5 |   0.0 |  1816
           D:7 |       0 |     594 |   0.0 |       0 |      15 |   0.0 |   234
               +---------+---------+-------+---------+---------+-------+---------
